 Dungeon Crawl Stone Soup version 0.21.0 (webtiles) character file.

216 HungrySpirit the Ducker (level 5, -3/30 HPs)
             Began as a Deep Elf Artificer on Jan 8, 2018.
             Slain by an orc wizard
             ... wielding a +0 dagger
              (6 damage)
             ... on level 3 of the Dungeon.
             The game lasted 00:02:46 (1884 turns).

HungrySpirit the Ducker (Deep Elf Artificer)        Turns: 1884, Time: 00:02:47

Health: -3/30      AC:  3    Str:  9    XL:     5   Next: 61%
Magic:  9/9        EV: 13    Int: 17    God:
Gold:   52         SH:  0    Dex: 15    Spells: 4/4 levels left

rFire    . . .     SeeInvis .   h - +3 dagger
rCold    . . .     Gourm    .   (no shield)
rNeg     . . .     Faith    .   b - +0 leather armour
rPois    .         Spirit   .   (no helmet)
rElec    .         Reflect  .   (no cloak)
rCorr    .         Harm     .   (no gloves)
MR       .....                  (no boots)
Stlth    ++........             (no amulet)
HPRegen  0.10/turn              (no ring)
MPRegen  0.11/turn              (no ring)

@: no status effects
A: no striking features
a: no special abilities


You were on level 3 of the Dungeon.
You were not hungry.

You visited 1 branch of the dungeon, and saw 3 of its levels.

You collected 52 gold pieces.

Inventory:

Hand Weapons
 h - a +3 dagger (weapon)
Armour
 b - a +0 leather armour (worn)
Wands
 c - a wand of flame (10)
 d - a wand of enslavement (12)
 e - a wand of random effects (8)
Scrolls
 g - a scroll of enchant armour {unknown}
 i - a scroll of fear {unknown}
 j - 4 scrolls of identify {unknown}
 k - a scroll of remove curse {unknown}
Potions
 a - 2 potions of heal wounds {unknown}
 l - a potion of might {unknown}
Comestibles
 f - 3 rations


   Skills:
 + Level 2.2 Fighting
 * Level 4.0 Short Blades
 + Level 4.1 Dodging
 - Level 1.2 Stealth
 - Level 3.2 Evocations


You had 4 spell levels left.
You didn't know any spells.

Dungeon Overview and Level Annotations

Branches:
Dungeon (3/15)

Altars:


Message History

Aiming: Enslavement
Press: ? - help, Shift-Dir - straight line, f - orc wizard
Aim: an orc wizard, wielding a dagger and wearing a robe (heavily wounded, fast, chance to defeat MR: 55%)
The orc wizard resists with significant effort.
The orc wizard closely misses you. The orc hits you but does no damage.
Evoke which item? (* to show all) (? for menu, Esc to quit)
Aiming: Enslavement
Press: ? - help, Shift-Dir - straight line, f/p - orc wizard
Aim: an orc wizard, wielding a dagger and wearing a robe (heavily wounded, fast, chance to defeat MR: 55%)
The orc wizard resists with significant effort.
The orc wizard barely misses you. The orc closely misses you.
The orc wizard hits you with a dagger.
* * * LOW HITPOINT WARNING * * *
Evoke which item? (* to show all) (? for menu, Esc to quit)
Aiming: Enslavement
Press: ? - help, Shift-Dir - straight line, f/p - orc wizard
Aim: an orc wizard, wielding a dagger and wearing a robe (heavily wounded, fast, chance to defeat MR: 55%)
The orc wizard resists with significant effort.
The orc wizard hits you with a dagger.
You die...

####.##.....# ..
#...........# ...
#.##.####...#
....#.##.####...#
..[.#.......#.#.#
.......#....#.#...
.......#....#.#....
.#....#....#.#.....
#....@o...........
#...o#....###+#
#...............
##...............
#....o..........
#......####.$...
........ .....
........ .....
....... ..


You could see an orc wizard and 2 orcs.

Vanquished Creatures
  Sigmund (D:2)
  An ooze (D:2)
  A worm (D:2)
  2 dart slugs
  2 leopard geckos
  5 giant cockroaches
  4 hobgoblins
  3 jackals (D:2)
  5 kobolds
  7 bats
  A frilled lizard (D:2)
  3 goblins
  11 rats
46 creatures vanquished.

Notes
Turn   | Place    | Note
-------+----------+-------------------------------------------
     0 | D:1      | HungrySpirit the Deep Elf Artificer began the quest for the Orb.
     0 | D:1      | Reached XP level 1. HP: 11/11 MP: 5/5
   243 | D:1      | Reached skill level 1 in Fighting
   324 | D:1      | Reached XP level 2. HP: 16/16 MP: 6/6
  1070 | D:2      | Reached XP level 3. HP: 20/20 MP: 7/7
  1208 | D:2      | Found a faded altar of an unknown god.
  1602 | D:2      | Noticed Sigmund
  1614 | D:2      | Killed Sigmund
  1614 | D:2      | Reached XP level 4. HP: 19/26 MP: 8/8
  1614 | D:2      | Reached XP level 5. HP: 22/30 MP: 9/9
  1884 | D:3      | Slain by an orc wizard

Skill      XL: |  1  2  3 |
---------------+----------+-----
Fighting       | 1 2 |  2.2
Short Blades   | 2 4 |  4.0
Dodging        | 4 |  4.1
Stealth        | |  1.2
Evocations     | |  3.2

Action                   |  1- 3 |  4- 6 || total
-------------------------+-------+-------++-------
Melee: Short sword       |    66 |       ||    66
       Dagger            |    85 |    18 ||   103
Evoke: Wand              |    11 |     4 ||    15
 Stab: Sleeping          |     3 |       ||     3
  Eat: Chunk             |     2 |     1 ||     3
Armor: Leather armour    |    33 |     4 ||    37
Dodge: Dodged            |   108 |    13 ||   121
